Selects Airborne Battlegroup
Selects Heavy Machine Gun Paradrop
Heavy Machine Gun Paradrop
Construct Weapon Support Center
Heavy Machine Gun Paradrop
Selects Paratrooper Squad Paradrop
M3 Armored Personnel Carrier
Paratrooper Squad Paradrop
Improved M9 Bazooka Rockets
Paratrooper Squad Paradrop
Advanced Air Reconnaissance
Selects Smoke Bombing Run
Paratrooper Squad Paradrop
Construct Medical Station
Grasshopper High-Altitude Recon Run
Selects Carpet Bombing Run